 Dungeon Crawl Stone Soup version 0.21.0-3-g78d12a8 (webtiles) character file.

2785462 Sayani the Wrestler (level 27, 295/295 (296) HPs)
             Began as a Troll Fighter on Jan 13, 2018.
             Was the Champion of Okawaru.
             Escaped with the Orb
             ... and 5 runes on Jan 15, 2018!
             The game lasted 07:10:43 (90653 turns).

Sayani the Wrestler (Troll Fighter)                Turns: 90653, Time: 07:10:44

HP:   295/295 (296) AC: 32    Str: 49    XL:     27
MP:   24/32         EV: 18    Int:  5    God:    Okawaru [******]
Gold: 7655          SH: 28    Dex:  9    Spells: 26/26 levels left

rFire    + + .     SeeInvis +     - Unarmed
rCold    + + +     Gourm    +   i - +0 large shield {rC+ rF+}
rNeg     + + .     Faith    .   T - +6 gold dragon scales of the Iron City of Dis {rPois rF+ rC+ rN+ Str+2 SInv}
rPois    +         Spirit   .   n - +1 hat {Int+3}
rElec    .         Reflect  .   K - scarf {repulsion}
rCorr    .         Harm     .   (gloves unavailable)
MR       +++++     Clarity  +   (boots unavailable)
Stlth    ..........             X - amulet of the Four Winds {rN+ MR+++ Clar}
HPRegen  0.99/turn              L - ring of Gulott {+Blink rC++ Str+6}
MPRegen  0.23/turn              g - +4 ring of protection

@: heroism, finesse, repel missiles
A: large, unfitting armour, claws 3, horns 1, repulsion field 1, blurry vision
2, deformed body, deterioration 2, dopey 1, fast metabolism 3, gourmand, magic
resistance 1, regeneration 1, shaggy fur 1, tough skin 2, subdued magic 1,
MP-powered wands, sturdy frame 2
0: Orb of Zot
}: 5/15 runes: decaying, slimy, silver, abyssal, gossamer
a: Heroism, Finesse, Renounce Religion, Evoke Blink


You escaped.
You worshipped Okawaru.
Okawaru was exalted by your worship.
You were not hungry.

You visited 12 branches of the dungeon, and saw 58 of its levels.
You visited the Abyss 1 time.
You also visited: Ossuary and Volcano.

You collected 11135 gold pieces.
You spent 3480 gold pieces at shops.

Inventory:

Hand Weapons
 a - a +9 blowgun
Missiles
 v - 10 needles of frenzy
 w - 39 needles of sleeping
 A - 2 throwing nets
 P - 61 large rocks (quivered)
Armour
 i - a +0 large shield of resistance (worn)
 k - the +2 cloak of the World {rElec rPois rC- MR+ Stlth+}
   (You acquired it on level 15 of the Dungeon)

   It makes you vulnerable to cold.
   It insulates you from electricity.
   It protects you from poison.
   It affects your resistance to hostile enchantments.
   It makes you more stealthy.
 n - a +1 hat of intelligence (worn)
 G - the +3 cloak "Biogunun" {+Fly}
   (Okawaru gifted it to you on level 6 of the Lair of Beasts)

   It lets you fly.
 K - a scarf of repulsion (worn)
 T - the +6 gold dragon scales of the Iron City of Dis (worn) {rPois rF+ rC+ rN+ Str+2 SInv}
   (Okawaru gifted it to you on level 10 of the Dungeon)

   It affects your strength (+2).
   It protects you from fire.
   It protects you from cold.
   It protects you from poison.
   It protects you from negative energy.
   It lets you see invisible.
Jewellery
 g - a +4 ring of protection (right claw)
 y - the ring "Xolor" {rElec rPois Stlth-}
   (You took it off a spriggan defender on level 2 of the Depths)

   [ring of loudness]

   It insulates you from electricity.
   It protects you from poison.
   It makes you less stealthy.
 L - the ring of Gulott (left claw) {+Blink rC++ Str+6}
   (You found it on level 5 of the Pits of Slime)

   [ring of strength]

   It affects your strength (+6).
   It greatly protects you from cold.
   It lets you blink.
 M - an uncursed ring of protection from fire
 Q - an uncursed ring of resist corrosion
 S - an uncursed ring of positive energy
 X - the amulet of the Four Winds (around neck) {rN+ MR+++ Clar}
   (You bought it in a shop on level 9 of the Dungeon)

   [amulet of nothing]

   It protects you from negative energy.
   It affects your resistance to hostile enchantments.
   It protects you against confusion.
Wands
 r - a wand of iceblast (29)
 O - a wand of digging (19)
 W - a wand of flame (123)
Scrolls
 b - 7 scrolls of fear
 e - 10 scrolls of blinking
 f - 11 scrolls of fog
 j - 17 scrolls of teleportation
 l - 22 scrolls of remove curse
 o - 4 scrolls of magic mapping
 p - 11 scrolls of identify
 q - 2 scrolls of summoning
 x - 6 scrolls of enchant armour
 N - 3 scrolls of silence
 R - a scroll of brand weapon
 U - a scroll of enchant weapon
Potions
 c - 16 potions of might
 h - 11 potions of haste
 m - 28 potions of curing
 t - 4 potions of mutation
 B - 14 potions of flight
 E - 9 potions of resistance
 J - 2 potions of heal wounds
 V - 6 potions of cancellation
 Y - 12 potions of agility
 Z - 4 potions of berserk rage
Miscellaneous
 s - 4 phantom mirrors
 u - a lightning rod (4/4)
 z - a phial of floods
 H - a fan of gales
 I - a fan of gales
Comestibles
 d - 48 rations


   Skills:
 * Level 21.3(26.3) Fighting
 + Level 16.9(21.9) Throwing
 + Level 18.2(23.2) Armour
 + Level 17.8(22.8) Dodging
 + Level 15.1(20.1) Shields
 - Level 22.0(27) Unarmed Combat
 + Level 13.6 Invocations
 - Level 9.2 Evocations


You had 26 spell levels left.
You didn't know any spells.

Dungeon Overview and Level Annotations

Branches:
Dungeon (15/15)            Temple (1/1) D:4            Lair (6/6) D:8
  Swamp (4/4) Lair:2       Spider (4/4) Lair:2        Slime (5/5) Lair:5
    Orc (2/2) D:11            Elf (3/3) Orc:2        Vaults (5/5) D:13
  Crypt (3/3) Vaults:2       Tomb (0/3) Crypt:3      Depths (5/5) D:15
    Zot (5/5) Depths:5

Altars:
Ashenzari
Cheibriados
Dithmenos
Elyvilon
Fedhas
Gozag
Hepliaklqana
Kikubaaqudgha
Makhleb
Nemelex Xobeh
Okawaru
Qazlal
Ru
Sif Muna
Trog
Uskayaw
Vehumet
Wu Jian
Xom
Yredelemnul
Zin
The Shining One
Jiyva

Shops:
D:8 !   D:9 :(%=   D:10 [   D:11 :   Orc:2 ?!}[[   Elf:1 }   Elf:2 }
Vaults:1 %   Depths:5 [

Portals:
Hell: Depths:1 Depths:2 Depths:3 Depths:4 Depths:5
Abyss: Depths:1 Depths:4
Pandemonium: Orc:2 Depths:3
Ziggurat: Depths:3

Annotations:
D:1 heckers
D:9 good shop
Zot:1 evokables


Innate Abilities, Weirdness & Mutations

You are too large for most types of armour.
You have claws for hands.
Your metabolism is lightning-fast.
You like to eat raw meat.
Your natural rate of healing is unusually fast.
You are covered in fur. (AC +1)
You have very tough skin. (AC +2)
You have a pair of small horns on your head.
You are surrounded by a mild repulsion field. (EV +2)
Scrolls take you longer to read.
Armour fits poorly on your strangely shaped body.
Your body often deteriorates upon taking damage.
You are dopey. (Int -2)
You are resistant to hostile enchantments. (MR+)
Your spells are a little easier to cast, but a little less powerful.
You expend magic power (3 MP) to strengthen your wands.
Your movements are less encumbered by armour. (ER -4)


Message History

The Brimstone Fiend hits you!
You barely miss the Brimstone Fiend.
You headbutt the Brimstone Fiend, but do no damage.
The Brimstone Fiend is heavily wounded.
You eviscerate the Brimstone Fiend!!!
You kill the Brimstone Fiend!
Okawaru accepts your kill.
HP restored.
A smoke demon comes into view.
There is a staircase leading out of the dungeon here.
New annotation for D:1 (include '!' for warning): heckers Throwing (i - inventory. (,) - cycle):
P - 62 large rocks (quivered)
Press: ? - help, Shift-Dir - straight line, f - smoke demon
Aim: a smoke demon (lava)
You throw a large rock. The large rock hits the smoke demon!!!
You kill the smoke demon!
Okawaru accepts your kill.
You hear a sizzling splash.
A sixfirhy and a cacodemon come into view.
You have escaped!

#......§≈......# #.# # ####
#.....§.≈......######.###
...######.....§§≈§...............
.#............§≈≈≈............###
..............≈≈≈§≈..........§#
#.#≈§≈≈≈≈≈≈≈§≈§≈≈≈≈≈≈≈≈≈≈≈≈≈≈≈# #
..#§.≈≈≈≈≈≈≈§§§....≈§≈≈≈§≈≈§§§###
.......≈≈§≈§≈§§§...≈≈≈§≈≈≈....##.
.........≈≈≈§..§@...≈≈≈§......#.#
...........≈≈.§§....§≈.........##
...##......≈≈≈§3§.§≈§≈.....##.##
...........≈≈≈2≈§≈§≈≈§§§...#.##
#.........§≈≈≈≈§.§§≈≈§≈§....##
#......[..§§≈≈§...≈≈§§≈§....#
#..##....§≈≈≈.......≈≈§≈....#
...##....≈≈...........≈§....#
........≈.......####.§.§≈...#


You could see a cacodemon and a sixfirhy.

Vanquished Creatures
  the Royal Jelly (Slime:5)
  3 pandemonium lords
  7 orbs of fire
  Khufu (Crypt:3)
  The ghost of Nicoed the Gnoll Blade, a legendary GnSu of Sif Muna (Zot:5)
  Mennas (Vaults:3)
  9 ancient liches
  A greater mummy (Depths:3)
  Sojobo (Vaults:4)
  the Lernaean hydra (Swamp:4)
  Bai Suzhen (Crypt:1)
  6 Killer Klowns
  Margery (Vaults:3)
  Nikola (Spider:4)
  7 golden dragons
  2 profane servitors
  4 bone dragons
  Arachne (Spider:2)
  3 electric golems
  Jorgrun (Vaults:3)
  A Brimstone Fiend (D:1)
  Rupert (Orc:2)
  9 liches
  26 Orb Guardians
  24 tentacled monstrosities
  2 deep elf master archers (Elf:2)
  Asterion (Depths:1)
  3 deep elf blademasters
  21 acid blobs
  11 quicksilver dragons
  8 titans
  6 sphinxes
  12 tentacled starspawn
  11 death cobs
  13 shadow dragons
  Agnes (Spider:4)
  An Executioner (Abyss:1)
  2 thorn hunters
  4 draconian monks
  2 ancient champions
  15 storm dragons
  The ghost of Glorfindel the Thaumaturge, an adept GnNe of Ashenzari (Depths:3)
  2 revenants
  9 tengu reavers
  9 fire giants
  7 ghost moths
  11 azure jellies
  11 frost giants
  6 draconian knights
  3 draconian scorchers
  The ghost of feelmyfire the Black Belt, a journeyman DgTm (Elf:2)
  2 orc warlords
  A caustic shrike zombie (Depths:3)
  Aizul (Spider:4)
  15 vault wardens
  5 deep elf sorcerers
  A curse skull (Crypt:2)
  2 iron dragons
  2 juggernaut zombies (Depths:3)
  5 emperor scorpions
  An angel (Zot:3)
  3 ghouls
  8 deep elf elementalists
  14 stone giants
  3 draconian stormcallers
  The ghost of p0werm0de the Geomancer, an adept VSNe of Cheibriados (Spider:4)
  A draconian annihilator (Zot:4)
  A draconian shifter (Zot:3)
  2 spriggan defenders (Depths:2)
  30 very ugly things
  15 ironheart preservers
  7 vampire knights
  2 war gargoyles
  6 entropy weavers
  7 green draconians
  6 deep elf annihilators
  Nessos (D:12)
  9 deep elf demonologists
  A dire elephant (shapeshifter) (Depths:1)
  8 black draconians
  7 red draconians
  7 white draconians
  6 spark wasps
  Azrael (D:13)
  9 purple draconians
  An ettin (shapeshifter) (Depths:4)
  An eidolon (Crypt:1)
  11 yellow draconians
  2 merfolk javelineers (Depths:3)
  17 ettins
  9 death oozes
  12 deep elf death magi
  22 yaktaur captains
  12 ogre magi
  2 mummy priests (Crypt:3)
  15 jiangshi
  39 vault guards
  2 deep elf high priests (Elf:3)
  15 fire dragons
  15 great orbs of eyes
  7 rakshasas
  27 hydras
  Fannar (D:11)
  A hydra (shapeshifter) (Vaults:4)
  10 ice dragons
  An anaconda (shapeshifter) (Vaults:5)
  6 spriggan air magi
  A ghost crab (Swamp:2)
  The ghost of Pulso the Carver, a novice DrBe of Trog (D:9)
  A satyr (shapeshifter) (Depths:4)
  39 two-headed ogres
  2 catoblepae
  12 centaur warriors
  5 vampire magi
  A satyr (Abyss:3)
  29 dancing weapons
  15 alligators
  3 death knights (Crypt:3)
  8 death yaks
  15 deep troll shamans
  4 hell hogs (Abyss:3)
  5 tengu warriors
  A storm dragon zombie (Depths:3)
  4 deep troll earth magi
  7 spriggan berserkers
  7 hell knights
  12 thrashing horrors
  2 sun demons
  4 orc high priests (Orc:2)
  21 deep elf knights
  6 sixfirhies
  A soul eater (D:10)
  10 shadow wraiths
  25 skeletal warriors
  9 wretched stars (Abyss:3)
  A golden dragon zombie (Depths:3)
  An iron troll (Depths:5)
  An infernal demonspawn (Orc:2)
  24 large abominations
  A storm dragon skeleton (Vaults:4)
  A gelid demonspawn (Orc:2)
  2 ghost moth zombies (Crypt:2)
  6 unseen horrors
  An iron troll (shapeshifter) (Depths:3)
  A spatial maelstrom (Abyss:1)
  8 glowing orange brains
  2 torturous demonspawn (Orc:2)
  2 spriggan druids
  A shadow demon (Abyss:3)
  5 flayed ghosts
  11 swamp dragons
  A deep troll (shapeshifter) (Vaults:4)
  36 deep trolls
  18 orc knights
  6 wizards
  14 deep elf archers
  A shadow dragon zombie (Depths:3)
  A shambling mangrove (Swamp:1)
  9 phantasmal warriors
  2 anaconda skeletons
  An iron dragon zombie (Depths:3)
  16 ironbrand convokers
  A tengu zombie (Depths:3)
  2 wolf spider zombies
  3 oklob plants (Lair:3)
  A mana viper (shapeshifter) (Depths:5)
  4 salamanders
  13 orb spiders
  6 harpies (Vaults:2)
  A wolf spider (shapeshifter) (Depths:2)
  2 fire giant zombies (Depths:3)
  21 wolf spiders
  60 deep elf magi
  10 necromancers
  9 orc sorcerers
  A manticore (D:15)
  8 shining eyes
  2 salamanders (shapeshifter)
  10 elephants
  24 moths of wrath
  5 cyclopes
  A stone giant skeleton (Vaults:4)
  3 worldbinders
  2 stone giant zombies
  A moth of wrath (shapeshifter) (Depths:4)
  An iron dragon skeleton (Abyss:2)
  A fire giant skeleton (Crypt:1)
  39 ugly things
  3 rust devils
  2 black mambas
  2 apocalypse crabs
  2 guardian serpents
  11 smoke demons
  2 eyes of devastation
  A water nymph (shapeshifter) (Vaults:5)
  A naga mage (D:15)
  A frost giant skeleton (Crypt:1)
  9 vault sentinels
  A spiny frog (shapeshifter) (Depths:2)
  13 spiny frogs
  3 orange demons
  5 spectral swamp worms (Depths:4)
  7 centaur skeletons
  3 torpor snails
  9 freezing wraiths
  9 demonic crawlers
  5 komodo dragons
  23 yaktaurs
  29 small abominations
  A tormentor (Abyss:2)
  2 rime drakes
  A hydra zombie (Abyss:3)
  15 ancient zymes
  A silent spectre (Abyss:3)
  A troll (shapeshifter) (Elf:1)
  4 hellwings
  12 guardian mummies
  11 meliai
  A queen bee (Abyss:3)
  10 tyrant leeches
  A meliai (shapeshifter) (Depths:2)
  27 jumping spiders
  3 trolls
  5 polar bears
  Grinder (D:6)
  2 tengu conjurers
  An iron troll skeleton (Crypt:1)
  2 tyrant leeches (shapeshifter)
  19 hornets
  A hornet (shapeshifter) (Depths:3)
  19 raiju
  14 bog bodies
  A wolf spider simulacrum (Crypt:1)
  132 slime creatures
  A minotaur skeleton (Crypt:1)
  6 dream sheep (Lair:6)
  A snapping turtle (shapeshifter) (Depths:3)
  16 hippogriffs
  11 blink frogs
  2 fire giant simulacra
  2 centaur simulacra
  A frost giant simulacrum (Vaults:2)
  64 flying skulls
  A stone giant simulacrum (Vaults:4)
  12 air elementals
  7 wraiths
  Sigmund (D:5)
  47 redbacks
  A spriggan (shapeshifter) (D:13)
  6 shadows
  4 water elementals
  9 spriggans
  A fire dragon skeleton (Crypt:1)
  23 tarantellas
  A wind drake zombie (Crypt:2)
  12 ynoxinuls
  35 yaks
  2 vampires
  An ettin skeleton (Abyss:3)
  5 wyverns
  4 fire bats
  2 basilisks (shapeshifter)
  3 basilisks
  5 fire elementals
  6 golden eyes
  6 vampire mosquitoes
  3 chaos spawn
  5 neqoxecs
  A water nymph zombie (Crypt:2)
  3 hungry ghosts
  3 spatial vortices (Abyss:1)
  23 swamp worms
  A naga (shapeshifter) (Depths:2)
  3 acid dragons
  9 hell hounds
  6 insubstantial wisps (Swamp:4)
  23 water moccasins
  3 wargs
  2 swamp worms (shapeshifter)
  A floating eye (Abyss:3)
  A water nymph skeleton (Crypt:1)
  A floating eye (shapeshifter) (Vaults:1)
  12 porcupines
  11 swamp drakes
  3 ice beasts
  55 orc warriors
  5 sky beasts
  3 black bears
  A phantom (D:9)
  5 eyes of draining
  22 starcursed masses
  A hornet zombie (D:15)
  15 ogres
  7 necrophages
  14 boggarts
  22 wolves
  An ettin simulacrum (Vaults:3)
  18 centaurs
  14 crocodiles
  3 big kobolds
  4 elf zombies
  20 bullfrogs
  A wyvern zombie (D:15)
  2 water moccasin zombies
  A gnoll sergeant (D:8)
  An elf skeleton (Crypt:1)
  2 wyvern skeletons
  A deep troll simulacrum (Vaults:3)
  5 earth elementals
  10 scorpions
  A killer bee (shapeshifter) (Vaults:2)
  An elf simulacrum (Vaults:2)
  13 killer bees
  20 wights
  9 electric eels
  3 vampire bats (Lair:3)
  3 howler monkeys
  4 crimson imps
  8 centaur zombies
  2 quasits
  13 hounds
  A bullfrog skeleton (D:9)
  6 jellies
  4 human zombies
  Crazy Yiuf (D:6)
  3 iron imps
  30 orc priests
  25 orc wizards
  5 iguanas
  2 human skeletons (Crypt:1)
  15 worker ants
  A crocodile zombie (Crypt:1)
  A big kobold skeleton (Crypt:1)
  15 mummies
  3 worker ant zombies
  17 adders
  12 gnolls
  A howler monkey skeleton (D:8)
  3 river rats (Lair:3)
  A steam dragon zombie (Crypt:2)
  7 shadow imps
  2 white imps
  3 ufetubi (Abyss:3)
  An ooze (Lair:5)
  An adder skeleton (D:9)
  7 worms
  A worm (shapeshifter) (Elf:1)
  2 dart slugs
  4 leopard geckos
  131 orcs
  A ball python (D:2)
  A bat zombie (D:5)
  9 giant cockroaches
  5 goblins
  10 hobgoblins
  14 jackals
  2 quokkas
  14 bats
  7 frilled lizards
  2 goblin zombies (Ossuary)
  10 hobgoblin zombies (Ossuary)
  A jackal zombie (Ossuary)
  11 kobolds
  9 kobold zombies (Ossuary)
  A leopard gecko skeleton (D:4)
  An orc skeleton (Crypt:2)
  8 orc zombies (Ossuary)
  A quokka skeleton (D:5)
  A quokka zombie (D:7)
  8 rats
  4 rat zombies
  A plant (Lair:2)
  10 starspawn tentacles
2945 creatures vanquished.

Vanquished Creatures (others)
  A yellow draconian (Zot:1)
  A black mamba (Lair:5)
  A komodo dragon (Lair:5)
  A freezing wraith (Vaults:4)
  A jumping spider (Spider:4)
  A fire bat (shapeshifter) (Vaults:5)
  A neqoxec (Abyss:2)
  An ufetubus (Abyss:3)
  A ball lightning (Vaults:5)
  An orc (Vaults:5)
  23 fungi
  A lurking horror (Abyss:3)
  49 plants
  27 starspawn tentacles
110 creatures vanquished.

Grand Total: 3055 creatures vanquished

Notes
Turn   | Place    | Note
-------+----------+-------------------------------------------
     0 | D:1      | Sayani the Troll Fighter began the quest for the Orb.
     0 | D:1      | Reached XP level 1. HP: 22/22 MP: 0/0
    78 | D:1      | Reached XP level 2. HP: 29/29 MP: 1/1
   254 | D:1      | Reached skill level 3 in Unarmed Combat
   608 | D:2      | Reached XP level 3. HP: 34/36 MP: 2/2
   808 | D:2      | Found an ornate altar of the Wu Jian Council.
   883 | D:2      | Reached XP level 4. HP: 37/45 MP: 3/3
  1053 | D:2      | Found a snail-covered altar of Cheibriados.
  1060 | D:2      | Reached skill level 4 in Unarmed Combat
  1278 | D:2      | You fall through a shaft!
  1407 | D:3      | Reached XP level 5. HP: 46/53 MP: 4/4
  1424 | D:3      | Found a radiant altar of Vehumet.
  1615 | D:3      | Reached skill level 5 in Unarmed Combat
  1983 | D:4      | Found an opulent altar of Gozag.
  1997 | D:4      | Noticed an ogre
  2296 | D:4      | Found a staircase to the Ecumenical Temple.
  2303 | Temple   | Entered the Ecumenical Temple
  2424 | D:4      | Reached XP level 6. HP: 62/62 MP: 5/5
  2759 | D:5      | Entered Level 5 of the Dungeon
  2789 | D:5      | Reached skill level 6 in Unarmed Combat
  2893 | D:5      | Reached XP level 7. HP: 47/70 MP: 6/6
  2969 | D:5      | Noticed Sigmund
  2977 | D:5      | Killed Sigmund
  3249 | D:5      | Found an ancient bone altar of Kikubaaqudgha.
  3427 | D:6      | Reached skill level 7 in Unarmed Combat
  3476 | D:6      | Found a shadowy altar of Dithmenos.
  3539 | D:6      | Reached skill level 5 in Fighting
  3560 | D:6      | Reached XP level 8. HP: 80/80 MP: 7/7
  3575 | D:6      | Reached skill level 8 in Unarmed Combat
  3730 | D:6      | Noticed Grinder
  3732 | D:6      | Killed Grinder
  3771 | D:6      | Found a glowing golden altar of the Shining One.
  3945 | D:6      | Reached skill level 9 in Unarmed Combat
  3973 | D:6      | Found a white marble altar of Elyvilon.
  4076 | D:6      | Found a runed door.
  4080 | D:6      | Noticed Crazy Yiuf
  4085 | D:6      | Killed Crazy Yiuf
  4162 | D:7      | Found an iron altar of Okawaru.
  4175 | D:7      | Became a worshipper of Warmaster Okawaru
  4281 | D:7      | Reached XP level 9. HP: 77/89 MP: 8/8
  4313 | D:7      | Found a hide-covered altar of Uskayaw.
  4362 | D:7      | Reached skill level 10 in Unarmed Combat
  4377 | D:7      | Found a sand-covered staircase.
  4393 | Ossuary  | Entered an ossuary
  4422 | Ossuary  | Reached * piety under Okawaru
  5086 | D:7      | Reached skill level 1 in Invocations
  5104 | D:7      | Reached skill level 1 in Armour
  5307 | D:7      | Found a shattered altar of Ashenzari.
  5670 | D:8      | Reached ** piety under Okawaru
  6014 | D:7      | Reached XP level 10. HP: 90/100 MP: 10/10
  6273 | D:8      | Reached skill level 11 in Unarmed Combat
  6516 | D:9      | Found Ynozof's Food Boutique.
  6707 | D:8      | Reached *** piety under Okawaru
  6757 | D:8      | Found a staircase to the Lair.
  6763 | Lair:1   | Entered Level 1 of the Lair of Beasts
  6957 | D:8      | Found Buzxin's Distillery.
  6963 | D:8      | Bought a potion of heal wounds for 65 gold pieces
  6963 | D:8      | Bought a potion of heal wounds for 65 gold pieces
  6963 | D:8      | Bought a potion of heal wounds for 65 gold pieces
  7117 | D:9      | Noticed a two-headed ogre
  7179 | D:9      | Found Idynkuor's Antique Weapon Shoppe.
  7184 | D:9      | Bought a blowgun for 80 gold pieces
  7444 | D:9      | Noticed Pulso's ghost (novice DrBe)
  7464 | D:9      | Killed Pulso's ghost
  7532 | D:10     | Entered Level 10 of the Dungeon
  7689 | D:9      | Found Zuasol's Book Emporium.
  7865 | D:9      | Found Seygh's Jewellery Emporium.
  7922 | D:9      | Reached **** piety under Okawaru
  8116 | D:9      | Killed a two-headed ogre
  8673 | D:11     | Noticed a seven-headed hydra
  8706 | D:10     | Reached XP level 11. HP: 100/109 MP: 12/12
  8882 | D:10     | Killed an unseen horror
  8882 | D:10     | Reached ***** piety under Okawaru
  9158 | D:9      | Paralysed by a hornet for 1 turns
  9159 | D:9      | Reached skill level 12 in Unarmed Combat
 10059 | Lair:2   | Found a hole to the Spider Nest.
 10073 | Lair:2   | Paralysed by a hornet for 3 turns
 10890 | Lair:3   | Reached skill level 5 in Shields
 10897 | Lair:3   | Reached skill level 1 in Evocations
 10902 | Lair:3   | Reached skill level 5 in Dodging
 12523 | Lair:2   | Found a staircase to the Swamp.
 12790 | Lair:3   | Noticed an oklob plant
 13124 | Lair:2   | Received a gift from Okawaru
 13409 | Lair:3   | Noticed an oklob plant
 13410 | Lair:3   | Noticed an oklob plant
 13432 | Lair:3   | Reached XP level 12. HP: 119/119 MP: 14/14
 13434 | Lair:3   | Noticed a four-headed hydra
 13742 | D:10     | Found a deep blue altar of Sif Muna.
 13784 | D:10     | Found Effiv's Armour Shop.
 13936 | D:10     | Noticed a two-headed ogre
 13940 | D:10     | Killed a two-headed ogre
 13940 | D:10     | Received a gift from Okawaru
 13943 | D:10     | Got scorched gold dragon scales {god gift}
 13970 | D:10     | Identified the +6 gold dragon scales of the Iron City of Dis {rPois rF+ rC+ rN+ Str+2 SInv} (Okawaru gifted it to you on level 10 of the Dungeon)
 14395 | D:11     | Noticed a four-headed hydra
 14893 | D:11     | Noticed Fannar
 14957 | D:11     | Killed Fannar
 14957 | D:11     | Reached skill level 13 in Unarmed Combat
 15004 | D:11     | Noticed a two-headed ogre
 15010 | D:11     | Killed a two-headed ogre
 15010 | D:11     | Reached skill level 5 in Armour
 15047 | D:11     | Found a staircase to the Orcish Mines.
 15260 | Orc:1    | Entered Level 1 of the Orcish Mines
 15547 | Orc:2    | Entered Level 2 of the Orcish Mines
 15585 | Orc:2    | Noticed Rupert
 15591 | Orc:2    | Found a staircase to the Elven Halls.
 15812 | Orc:1    | Noticed a two-headed ogre
 15818 | Orc:2    | Killed a two-headed ogre
 15818 | Orc:2    | Reached skill level 5 in Invocations
 15973 | D:9      | Bought the amulet of the Four Winds {rN+ MR+++ Clar} for 614 gold pieces
 15973 | D:9      | Found the amulet of the Four Winds {rN+ MR+++ Clar}
 16364 | Orc:2    | Killed Rupert
 17007 | Orc:2    | Found Boral's Antique Armour Emporium.
 17504 | Orc:2    | Noticed an orc warlord
 17645 | Orc:2    | Killed an orc warlord
 17645 | Orc:2    | Received a gift from Okawaru
 17645 | Orc:2    | Reached ****** piety under Okawaru
 17645 | Orc:2    | Reached XP level 13. HP: 65/130 MP: 14/16
 18185 | Orc:2    | Found Bolyesatuf's Distillery.
 18205 | Orc:2    | Found Ekyxedill's Magic Scroll Shop.
 18262 | Orc:2    | Bought a scroll of teleportation for 36 gold pieces
 18262 | Orc:2    | Bought a scroll of blinking for 90 gold pieces
 18435 | Orc:2    | Reached skill level 14 in Unarmed Combat
 19387 | Orc:2    | Found Suw Ciucy's Antique Armour Emporium.
 19387 | Orc:2    | Found Witzid's Gadget Shoppe.
 19388 | Orc:2    | Found a one-way gate leading to the halls of Pandemonium.
 20957 | Lair:4   | Received a gift from Okawaru
 21232 | Lair:5   | Found a dark tunnel.
 21241 | Volcano  | Entered a volcano
 21300 | Volcano  | Reached XP level 14. HP: 129/140 MP: 17/17
 21964 | Lair:5   | Found a staircase to the Slime Pits.
 22061 | Lair:6   | Entered Level 6 of the Lair of Beasts
 22117 | Lair:5   | Reached skill level 15 in Unarmed Combat
 23021 | Lair:6   | Reached skill level 1 in Throwing
 23273 | Lair:6   | Received a gift from Okawaru
 23591 | Lair:6   | Reached skill level 10 in Fighting
 23892 | Lair:6   | Received a gift from Okawaru
 23895 | Lair:6   | Got an encrusted cloak {god gift}
 23896 | Lair:6   | Identified the +3 cloak "Biogunun" {+Fly} (Okawaru gifted it to you on level 6 of the Lair of Beasts)
 24860 | D:11     | Found Girgh's Book Shop.
 25089 | D:11     | Reached XP level 15. HP: 149/149 MP: 19/19
 25130 | D:12     | Noticed Nessos
 25171 | D:12     | Killed Nessos
 26132 | Orc:2    | Bought the +2 shield of Resistance {rF+ rC+ MR+} for 822 gold pieces
 26132 | Orc:2    | Found the +2 shield of Resistance {rF+ rC+ MR+}
 26890 | D:13     | Found a gate to the Vaults.
 26934 | D:14     | Received a gift from Okawaru
 27268 | D:15     | Entered Level 15 of the Dungeon
 27539 | D:14     | Received a gift from Okawaru
 27980 | D:14     | Reached skill level 16 in Unarmed Combat
 28374 | D:15     | Found a staircase to the Depths.
 29226 | D:15     | Identified a scroll of acquirement
 29229 | D:15     | Got a distressingly furry cloak
 29231 | D:15     | Identified the +2 cloak of the World {rElec rPois rC- MR+ Stlth+} (You acquired it on level 15 of the Dungeon)
 29303 | D:15     | Reached XP level 16. HP: 92/159 MP: 21/21
 29594 | D:15     | Received a gift from Okawaru
 30147 | Spider:1 | Entered Level 1 of the Spider Nest
 30508 | Spider:1 | Reached skill level 5 in Throwing
 31392 | Spider:4 | Entered Level 4 of the Spider Nest
 31452 | Spider:4 | Noticed p0werm0de's ghost (adept VSNe)
 31499 | Spider:4 | Killed p0werm0de's ghost
 31508 | Spider:4 | Reached skill level 10 in Shields
 31529 | Spider:4 | Received a gift from Okawaru
 31530 | Spider:4 | Noticed Aizul
 31539 | Spider:4 | Killed Aizul
 32503 | Spider:4 | Noticed Agnes
 32516 | Spider:4 | Killed Agnes
 32781 | Spider:4 | Reached XP level 17. HP: 150/170 MP: 22/22
 32905 | Spider:4 | Noticed Nikola
 32928 | Spider:4 | Killed Nikola
 32928 | Spider:4 | Received a gift from Okawaru
 32928 | Spider:4 | Reached skill level 5 in Evocations
 32931 | Spider:4 | Got steaming quicksilver dragon scales {god gift}
 33296 | Spider:4 | Identified the quicksilver dragon scales of Wrong Decisions {-Tele rElec MR+ Dex+5 Stlth+} (Okawaru gifted it to you on level 4 of the Spider Nest)
 33447 | Spider:4 | Got a gossamer rune of Zot
 33596 | Spider:2 | Noticed Arachne
 33651 | Spider:2 | Killed Arachne
 34020 | Swamp:1  | Entered Level 1 of the Swamp
 34470 | Swamp:2  | Reached skill level 10 in Dodging
 34627 | Swamp:2  | Reached skill level 17 in Unarmed Combat
 34821 | Swamp:2  | Received a gift from Okawaru
 35835 | Swamp:4  | Entered Level 4 of the Swamp
 35876 | Swamp:4  | Received a gift from Okawaru
 35971 | Swamp:3  | Reached skill level 10 in Armour
 36569 | Swamp:4  | Reached XP level 18. HP: 160/182 MP: 21/23
 36998 | Swamp:4  | Noticed the 27-headed Lernaean hydra
 37224 | Swamp:4  | Killed the 27-headed Lernaean hydra
 37282 | Swamp:4  | Got a decaying rune of Zot
 38264 | Vaults:1 | Entered Level 1 of the Vaults
 38401 | Vaults:1 | Received a gift from Okawaru
 38863 | Vaults:1 | Found Caod's Food Shoppe.
 38871 | Vaults:1 | Bought a ration for 55 gold pieces
 38871 | Vaults:1 | Bought a ration for 55 gold pieces
 40891 | Vaults:1 | Received a gift from Okawaru
 41266 | Vaults:1 | Reached XP level 19. HP: 158/189 MP: 18/24
 41950 | Vaults:2 | Reached skill level 10 in Throwing
 42362 | Vaults:2 | Received a gift from Okawaru
 42778 | Vaults:2 | Found a staircase to the Crypt.
 42778 | Vaults:2 | Found a basalt altar of Yredelemnul.
 42779 | Vaults:2 | Found an ancient bone altar of Kikubaaqudgha.
 43139 | Vaults:3 | Received a gift from Okawaru
 43389 | Vaults:3 | Received a gift from Okawaru
 43586 | Vaults:3 | Received a gift from Okawaru
 43900 | Vaults:3 | Noticed Jorgrun
 43908 | Vaults:3 | Killed Jorgrun
 44802 | Vaults:4 | Received a gift from Okawaru
 45160 | Vaults:3 | Noticed Mennas
 45169 | Vaults:3 | Noticed Margery
 45571 | Vaults:3 | Killed Margery
 45832 | Vaults:3 | Killed Mennas
 45832 | Vaults:3 | Received a gift from Okawaru
 45832 | Vaults:3 | Reached XP level 20. HP: 97/202 MP: 20/25
 47067 | Vaults:4 | Noticed Sojobo
 49123 | Vaults:4 | Got an ancient wooden ring
 49440 | Vaults:3 | Identified the ring of Sismicsy {rPois rF+ rN+ Str+4} (You took it off a yaktaur captain on level 4 of the Vaults)
 49454 | Vaults:4 | Killed Sojobo
 49655 | Depths:1 | Entered Level 1 of the Depths
 49977 | D:13     | Noticed Azrael
 49989 | D:13     | Killed Azrael
 50066 | D:13     | Received a gift from Okawaru
 50079 | D:13     | Got a fine robe {god gift}
 50080 | D:13     | Identified the +0 robe of Okawaru's Envy {Str+5 Dex-4} (Okawaru gifted it to you on level 13 of the Dungeon)
 51380 | Depths:2 | Noticed Asterion
 51420 | Depths:2 | Gained mutation: You are frail. (-10% HP) [a cacodemon]
 51431 | Depths:1 | Killed Asterion
 51456 | Depths:2 | Received a gift from Okawaru
 51730 | Depths:2 | Found a gateway to Hell.
 51739 | Depths:3 | Reached XP level 21. HP: 186/186 MP: 26/26
 51854 | Depths:2 | Received a gift from Okawaru
 51891 | Depths:1 | Reached skill level 18 in Unarmed Combat
 52164 | Depths:2 | Got a clouded copper ring
 52246 | Depths:2 | Identified the ring "Xolor" {rElec rPois Stlth-} (You took it off a spriggan defender on level 2 of the Depths)
 52269 | Depths:2 | Noticed a golden dragon
 52283 | Depths:2 | Killed a golden dragon
 52436 | Depths:2 | Noticed an ancient lich
 52842 | Depths:2 | Received a gift from Okawaru
 53539 | Depths:2 | Killed an ancient lich
 53899 | Depths:3 | Found a gateway to a ziggurat.
 53918 | Depths:3 | Received a gift from Okawaru
 54414 | Depths:3 | Noticed Glorfindel's ghost (adept GnNe)
 54536 | Depths:3 | Reached XP level 22. HP: 188/195 MP: 24/27
 54542 | Depths:3 | Killed Glorfindel's ghost
 54795 | Depths:3 | Reached skill level 19 in Unarmed Combat
 55201 | Depths:3 | Noticed a greater mummy
 55209 | Depths:3 | Killed a greater mummy
 55841 | Depths:5 | Entered Level 5 of the Depths
 56061 | Depths:5 | Received a gift from Okawaru
 56358 | Depths:4 | Reached skill level 15 in Shields
 56385 | Depths:4 | Found a one-way gate to the infinite horrors of the Abyss.
 56640 | Depths:4 | Received a gift from Okawaru
 58015 | Depths:5 | Received a gift from Okawaru
 58364 | Depths:5 | Found Qoexipan's Antique Armour Shoppe.
 58878 | Depths:5 | Reached skill level 20 in Unarmed Combat
 59047 | Depths:5 | Found a gate to the Realm of Zot.
 59513 | Elf:1    | Entered Level 1 of the Elven Halls
 59640 | Orc:2    | Bought a scroll of summoning for 114 gold pieces
 59640 | Orc:2    | Bought a scroll of identify for 24 gold pieces
 59640 | Orc:2    | Bought a scroll of identify for 24 gold pieces
 59642 | Orc:2    | Bought 2 potions of resistance for 260 gold pieces
 59642 | Orc:2    | Bought a potion of resistance for 130 gold pieces
 59642 | Orc:2    | Bought a potion of agility for 52 gold pieces
 59642 | Orc:2    | Bought a potion of might for 52 gold pieces
 59642 | Orc:2    | Bought a potion of might for 52 gold pieces
 59642 | Orc:2    | Bought 2 potions of curing for 78 gold pieces
 59642 | Orc:2    | Bought a potion of curing for 39 gold pieces
 59642 | Orc:2    | Bought 2 potions of heal wounds for 130 gold pieces
 59708 | Elf:1    | Reached XP level 23. HP: 205/205 MP: 28/28
 59862 | Elf:1    | Reached skill level 15 in Fighting
 60155 | Elf:1    | Found Ysuess's Gadget Emporium.
 60159 | Elf:1    | Bought a wand of digging (13) for 578 gold pieces
 60355 | Elf:2    | Found Elagea's Gadget Shoppe.
 60361 | Elf:3    | Entered Level 3 of the Elven Halls
 60514 | Elf:2    | Received a gift from Okawaru
 60732 | Elf:2    | Received a gift from Okawaru
 60741 | Elf:2    | Found a huge runed gate.
 60741 | Elf:2    | Found a huge runed gate.
 60742 | Elf:2    | Found a huge runed gate.
 60743 | Elf:2    | Found a huge runed gate.
 60754 | Elf:2    | Found a huge runed gate.
 61239 | Elf:2    | Noticed feelmyfire's ghost (journeyman DgTm)
 61253 | Elf:2    | Killed feelmyfire's ghost
 61657 | Elf:3    | Received a gift from Okawaru
 62730 | Elf:3    | Reached skill level 21 in Unarmed Combat
 63196 | Elf:3    | HP: 6/207 [earth elemental[a deep elf elementalist] (8)]
 63446 | Elf:3    | Got a smoking graven amulet
 63469 | Elf:3    | Identified the amulet "Xoc Ysch" {Harm *Drain rF+ rC+} (You took it off a deep elf annihilator on level 3 of the Elven Halls)
 63539 | Elf:3    | Got a steaming silver amulet
 63556 | Elf:3    | Identified the amulet "Igigie Nuzoi" {Faith MR+} (You took it off a deep elf demonologist on level 3 of the Elven Halls)
 63649 | Elf:3    | Found the +8 longbow "Zephyr" {speed, Dex+3 SInv}
 63673 | Elf:3    | Identified the Papyrus of Enchanting Talismans
 63677 | Elf:3    | Identified the Grimoire of Poisoning
 63757 | Elf:3    | Reached XP level 24. HP: 220/220 MP: 28/29
 64253 | Crypt:1  | Entered Level 1 of the Crypt
 64731 | Crypt:1  | Received a gift from Okawaru
 65364 | Crypt:2  | Noticed Bai Suzhen
 65490 | Crypt:1  | Killed Bai Suzhen
 65573 | Crypt:2  | Reached XP level 25. HP: 227/227 MP: 29/29
 65619 | Crypt:3  | Entered Level 3 of the Crypt
 66544 | Crypt:3  | Found a basalt altar of Yredelemnul.
 67943 | Crypt:3  | Found a staircase to the Tomb.
 67943 | Crypt:3  | Noticed Khufu
 67953 | Crypt:3  | Killed Khufu
 67955 | Crypt:3  | Received a gift from Okawaru
 69571 | Vaults:5 | Entered Level 5 of the Vaults
 69593 | Vaults:4 | Reached skill level 22 in Unarmed Combat
 69685 | Vaults:4 | Reached skill level 15 in Armour
 69692 | Vaults:4 | Received a gift from Okawaru
 69762 | Vaults:5 | Received a gift from Okawaru
 70262 | Vaults:5 | Noticed an ancient lich
 70286 | Vaults:4 | Received a gift from Okawaru
 70354 | Vaults:4 | Reached XP level 26. HP: 181/237 MP: 29/29
 70509 | Vaults:4 | Received a gift from Okawaru
 70526 | Vaults:4 | Reached skill level 10 in Invocations
 71335 | Vaults:5 | Killed an ancient lich
 71335 | Vaults:5 | Reached skill level 15 in Dodging
 71792 | Vaults:5 | Received a gift from Okawaru
 72123 | Vaults:5 | Got a silver rune of Zot
 72203 | Vaults:5 | Got a crude spear {god gift}
 72689 | Vaults:5 | Noticed an ancient lich
 72719 | Vaults:5 | Killed an ancient lich
 72771 | Vaults:5 | Received a gift from Okawaru
 73858 | Zot:1    | Entered Level 1 of the Realm of Zot
 74003 | Zot:1    | Received a gift from Okawaru
 74011 | Zot:1    | Noticed an orb of fire
 74196 | Zot:1    | Gained mutation: You expend magic power (3 MP) to strengthen your wands. [an orb of fire]
 74200 | Zot:1    | Killed an orb of fire
 74204 | Zot:1    | Reached XP level 27. HP: 118/252 MP: 29/30
 74854 | Zot:1    | Received a gift from Okawaru
 75979 | Zot:2    | Received a gift from Okawaru
 76025 | Zot:2    | Received a gift from Okawaru
 76886 | Zot:3    | Noticed an orb of fire
 76895 | Zot:3    | Killed an orb of fire
 76895 | Zot:3    | Received a gift from Okawaru
 77173 | Zot:5    | Entered Level 5 of the Realm of Zot
 77173 | Zot:5    | Noticed an orb of fire
 77719 | Zot:4    | Received a gift from Okawaru
 77889 | Zot:3    | Received a gift from Okawaru
 79558 | Zot:5    | Noticed an ancient lich
 79568 | Zot:5    | Killed an ancient lich
 79652 | Zot:5    | Noticed an ancient lich
 79660 | Zot:5    | Killed an ancient lich
 79666 | Zot:5    | Noticed Nicoed's ghost (legendary GnSu)
 79803 | Zot:5    | Killed Nicoed's ghost
 79908 | Zot:5    | Noticed an ancient lich
 79916 | Zot:5    | Killed an ancient lich
 79916 | Zot:5    | Received a gift from Okawaru
 79916 | Zot:5    | Reached skill level 15 in Throwing
 79947 | Zot:5    | Noticed an ancient lich
 79959 | Zot:5    | Killed an ancient lich
 80472 | Zot:5    | Noticed an orb of fire
 80484 | Zot:5    | Gained mutation: Your body sometimes deteriorates upon taking damage. [an orb of fire]
 80485 | Zot:5    | Killed an orb of fire
 80485 | Zot:5    | Received a gift from Okawaru
 80497 | Zot:5    | Noticed an ancient lich
 80501 | Zot:5    | Killed an ancient lich
 80560 | Zot:5    | Noticed an orb of fire
 80565 | Zot:5    | Gained mutation: Your body often deteriorates upon taking damage. [an orb of fire]
 80570 | Zot:5    | Killed an orb of fire
 80570 | Zot:5    | Received a gift from Okawaru
 80588 | Zot:5    | Killed an orb of fire
 80588 | Zot:5    | Received a gift from Okawaru
 80667 | Zot:5    | Noticed an orb of fire
 80671 | Zot:5    | Gained mutation: You are occasionally teleported next to monsters. [an orb of fire]
 80675 | Zot:5    | Killed an orb of fire
 80781 | Zot:5    | Noticed an orb of fire
 80783 | Zot:5    | Gained mutation: You are weak. (Str -2) [an orb of fire]
 80790 | Zot:5    | Killed an orb of fire
 81631 | Slime:1  | Entered Level 1 of the Pits of Slime
 81641 | Slime:1  | Gained mutation: You are resistant to hostile enchantments. (MR+) [a shining eye]
 82049 | Slime:1  | Received a gift from Okawaru
 82537 | Slime:3  | Lost mutation: You expend magic power (3 MP) to strengthen your wands. [potion of mutation]
 82537 | Slime:3  | Lost mutation: You are weak. (Str -2) [potion of mutation]
 82537 | Slime:3  | Gained mutation: You possess an exceptional clarity of mind. [potion of mutation]
 82537 | Slime:3  | Lost mutation: You are frail. (-10% HP) [potion of mutation]
 82537 | Slime:3  | Gained mutation: You are weak. (Str -2) [potion of mutation]
 82537 | Slime:3  | Gained mutation: Your spells are a little harder to cast, but a little more powerful. [potion of mutation]
 82538 | Slime:3  | Lost mutation: You are weak. (Str -2) [potion of mutation]
 82538 | Slime:3  | Lost mutation: You possess an exceptional clarity of mind. [potion of mutation]
 82538 | Slime:3  | Gained mutation: You are clumsy. (Dex -2) [potion of mutation]
 82538 | Slime:3  | Gained mutation: You are robust. (+10% HP) [potion of mutation]
 82538 | Slime:3  | Gained mutation: You have large cloven feet. [potion of mutation]
 82562 | Slime:3  | Lost mutation: You are clumsy. (Dex -2) [potion of mutation]
 82562 | Slime:3  | Lost mutation: Your spells are a little harder to cast, but a little more powerful. [potion of mutation]
 82562 | Slime:3  | Lost mutation: You are robust. (+10% HP) [potion of mutation]
 82562 | Slime:3  | Lost mutation: You are resistant to hostile enchantments. (MR+) [potion of mutation]
 82562 | Slime:3  | Gained mutation: You are resistant to hostile enchantments. (MR+) [potion of mutation]
 82562 | Slime:3  | Gained mutation: Your movements are slightly less encumbered by armour. (ER -2) [potion of mutation]
 82562 | Slime:3  | Gained mutation: Your movements are less encumbered by armour. (ER -4) [potion of mutation]
 82563 | Slime:3  | Lost mutation: You are occasionally teleported next to monsters. [potion of mutation]
 82563 | Slime:3  | Lost mutation: You have large cloven feet. [potion of mutation]
 82563 | Slime:3  | Gained mutation: You have a pair of small horns on your head. [potion of mutation]
 82563 | Slime:3  | Gained mutation: You are surrounded by a mild repulsion field. (EV +2) [potion of mutation]
 83023 | Slime:5  | Entered Level 5 of the Pits of Slime
 84100 | Slime:5  | Noticed the Royal Jelly
 84133 | Slime:4  | Gained mutation: You are dopey. (Int -2) [a shining eye]
 84551 | Slime:3  | Gained mutation: Scrolls take you a little longer to read. [a shining eye]
 84741 | Slime:5  | Found a viscous altar of Jiyva.
 84753 | Slime:5  | Gained mutation: Scrolls take you longer to read. [a shining eye]
 84836 | Slime:5  | Killed the Royal Jelly
 85250 | Slime:5  | Got a translucent copper ring
 85253 | Slime:5  | Identified the ring of Gulott {+Blink rC++ Str+6} (You found it on level 5 of the Pits of Slime)
 85365 | Slime:5  | Got a slimy rune of Zot
 85972 | Depths:1 | Voluntarily entered the Abyss.
 85979 | Abyss:1  | Found a corrupted altar of Lugonu.
 86017 | Abyss:1  | Received a gift from Okawaru
 86046 | Abyss:1  | Noticed an ancient lich
 86050 | Abyss:1  | Killed an ancient lich
 86179 | Abyss:1  | Gained mutation: Armour fits poorly on your strangely shaped body. [a neqoxec]
 86186 | Abyss:1  | Gained mutation: You expend magic power (3 MP) to strengthen your wands. [a neqoxec]
 86372 | Abyss:2  | Found a burning altar of Makhleb.
 86387 | Abyss:2  | Found a burning altar of Makhleb.
 86712 | Abyss:2  | Paralysed by accursed screaming for 1 turns
 87238 | Abyss:3  | Received a gift from Okawaru
 87548 | Abyss:3  | Received a gift from Okawaru
 88029 | Abyss:3  | Got an abyssal rune of Zot
 88056 | Abyss:3  | Received a gift from Okawaru
 88174 | Abyss:3  | Found a snail-covered altar of Cheibriados.
 88468 | Abyss:3  | Received a gift from Okawaru
 88580 | Abyss:3  | Found a snail-covered altar of Cheibriados.
 88677 | Depths:1 | Escaped the Abyss
 88945 | Zot:5    | Received a gift from Okawaru
 89806 | Zot:5    | Got the Orb of Zot
 89867 | Zot:5    | Noticed a seraph
 89897 | Zot:3    | Received a gift from Okawaru
 89921 | Zot:2    | Noticed Tomyguos the pandemonium lord
 89922 | Zot:2    | Gained mutation: Your spells are a little easier to cast, but a little less powerful. [a neqoxec]
 89950 | Zot:1    | Noticed Zitadd the pandemonium lord
 89950 | Zot:1    | Noticed an ancient lich
 89982 | Depths:5 | Killed Zitadd the pandemonium lord
 90104 | Depths:3 | Noticed Butaobb the pandemonium lord
 90197 | D:12     | Noticed Liroc the pandemonium lord
 90197 | D:12     | Noticed an ancient lich
 90239 | D:11     | Killed Liroc the pandemonium lord
 90249 | D:11     | Noticed Odeora the pandemonium lord
 90449 | D:7      | Noticed Niri the pandemonium lord
 90469 | D:7      | Killed Niri the pandemonium lord
 90653 | D:$      | Escaped with the Orb!

Skill      XL: |  1  2  3  4  5  6  7  8  9 10 11 12 13 14 15 16 17 18 19 20 21 22 23 24 25 26 27 |
---------------+----------------------------------------------------------------------------------+-----
Unarmed Combat | 3 4 5 6 7 9 10 11 12 13 14 15 16 17 18 20 21 22 | 22.0
Fighting       | 3 4 5 6 7 8 9 10 11 12 13 14 15 16 17 21 | 21.3
Invocations    | 2 3 4 5 6 7 8 9 11 13 | 13.6
Armour         | 2 3 4 5 6 7 8 9 10 11 12 13 14 15 16 18 | 18.2
Dodging        | 3 4 5 6 7 8 9 10 11 12 13 14 15 17 | 17.8
Shields        | 3 4 5 6 7 8 9 10 11 12 13 14 15 | 15.1
Evocations     | 2 3 4 6 9 |  9.2
Throwing       | 2 4 6 7 9 11 12 13 16 | 16.9

Action                   |  1- 3 |  4- 6 |  7- 9 | 10-12 | 13-15 | 16-18 | 19-21 | 22-24 | 25-27 || total
-------------------------+-------+-------+-------+-------+-------+-------+-------+-------+-------++-------
Melee: Unarmed           |    96 |   188 |   329 |   865 |  1293 |  1617 |  1756 |  1308 |  2956 || 10408
       Headbutt          |       |       |       |       |       |       |       |       |   292 ||   292
       Kick              |       |       |       |       |       |       |       |       |     1 ||     1
Throw: Tomahawk          |       |       |       |    46 |    21 |   156 |       |       |       ||   223
       Throwing net      |       |       |       |     2 |       |       |       |       |       ||     2
       Large rock        |       |       |       |       |    34 |    94 |    92 |   102 |   433 ||   755
Invok: Heroism           |       |       |     2 |    11 |    12 |    24 |    12 |     9 |    41 ||   111
       Finesse           |       |       |       |       |       |     2 |     3 |       |     7 ||    12
 Abil: Evoke Blink       |       |       |       |       |       |       |       |       |     3 ||     3
Evoke: Phial of floods   |       |       |       |       |       |       |       |       |     1 ||     1
       Wand              |       |       |       |       |       |       |       |       |    27 ||    27
  Use: Scroll            |       |       |    10 |     5 |    16 |    16 |    16 |     9 |    10 ||    82
       Potion            |       |       |       |     1 |       |       |     4 |     2 |    11 ||    18
 Stab: Sleeping          |       |     2 |     4 |     4 |       |       |       |       |       ||    10
       Distracted        |       |       |       |     1 |       |     1 |       |     2 |     3 ||     7
  Eat: Chunk             |     9 |    19 |    28 |   108 |   105 |    84 |    95 |    78 |    85 ||   611
       Ration            |       |       |       |     1 |     1 |     6 |     8 |     5 |    43 ||    64
Armor: Robe              |    28 |    38 |    83 |    78 |       |       |       |       |       ||   227
       Gold dragon scale |       |       |       |   140 |   650 |  1204 |   718 |   538 |   974 ||  4224
Dodge: Dodged            |    22 |    53 |    93 |   226 |   258 |   522 |   349 |   272 |   677 ||  2472
       Deflected         |       |       |       |       |    10 |       |       |       |    25 ||    35
Block: Shield            |    40 |    53 |   170 |   459 |   763 |  1315 |  1078 |   773 |       ||  4651
       Large shield      |       |       |       |       |       |       |       |    15 |  2626 ||  2641
